Map: Abyssal Reef LE

Players

Snute

  • Race: Zerg Zerg
  • Spawn Location: 11:00

ByuN - Winner!

  • Race: Terran Terran
  • Spawn Location: 5:00

Event: IEM XI Katowice - World Championship 2017

VOD

https://www.youtube.com/watch?v=UAmsBomsmXM

Description

Time

  • Played on: March 1, 2017, 11:13 p.m.
  • Length: 5:31

All games in this series

Show
View Real Time Build Order
Export as new Build Order

Snute Zerg 

Build Orders: Hatch First 

Get SALT Encoding   

  12  0:00  Drone  
  13  0:12  Overlord  
  13  0:17  Drone  
  14  0:30  Drone x2  
  14  0:34  Drone  
  17  0:51  Hatchery  
  17  0:54  Drone  
  17  0:58  Drone  
  17  1:02  Extractor  
  17  1:14  Spawning Pool  
  17  1:16  Drone  
  17  1:20  Drone  
  18  1:28  Drone  
  19  1:38  Overlord  
  19  1:49  Drone  
  20  2:01  Queen  
  22  2:02  Metabolic Boost  
  22  2:03  Queen  
  22  2:05  Zergling x2  
  25  2:08  Zergling x2  
  25  2:12  Zergling x2  
  25  2:14  Drone  
  28  2:21  Drone  
  29  2:26  Spore Crawler  
  29  2:29  Spore Crawler  
  27  2:30  Drone  
  27  2:34  Drone  
  31  2:38  Queen  
  31  2:43  Overlord  
  31  2:44  Drone  
  33  2:46  Drone  
  34  2:53  Drone  
  35  3:02  Drone  
  35  3:04  Drone  
  37  3:11  Zergling x8  
  41  3:13  Zergling x4  
  41  3:14  Overlord  
  43  3:27  Overlord  
  43  3:34  Drone x3  
  45  3:40  Drone  
  46  3:46  Drone x4  
  50  3:52  Spore Crawler, Drone x3  
  50  3:53  Extractor  
  50  3:54  Drone  
  50  3:55  Overlord  
  52  3:57  Hatchery  
  52  4:04  Queen x2  
  52  4:06  Overlord  
  56  4:10  Drone  
  56  4:15  Drone  
  57  4:18  Drone x3  
  57  4:20  Drone  
  57  4:22  Drone x2  
  63  4:25  Drone  
  63  4:26  Extractor  
  63  4:27  Baneling Nest  
  63  4:30  Drone  
  63  4:39  Queen x2, Drone  
  63  4:44  Drone  
  69  4:54  Zergling x12  
  69  4:57  Overlord  
  69  4:59  Zergling x2  
  71  5:01  Zergling x2  
  72  5:11  Zergling x2  
  72  5:12  Zergling x4  
Show
View Real Time Build Order
Export as new Build Order

ByuN Terran - Winner!

Build Orders: Reaper Expand 

Get SALT Encoding   

  12  0:00  SCV  
  13  0:12  SCV  
  14  0:17  Supply Depot  
  14  0:25  SCV  
  15  0:38  SCV  
  15  0:40  Barracks  
  16  0:43  Refinery  
  16  0:51  SCV  
  17  1:03  SCV  
  18  1:15  SCV  
  19  1:27  Reaper, Orbital Command  
  20  1:40  Command Center  
  20  1:51  Barracks  
  20  1:55  SCV  
  20  1:59  Barracks Reactor  
  21  2:05  Supply Depot  
  21  2:08  SCV  
  22  2:12  Refinery  
  22  2:20  SCV  
  23  2:24  Factory  
  23  2:32  SCV  
  23  2:37  Marine x2  
  24  2:38  Barracks Tech Lab  
  26  2:44  SCV  
  27  2:52  Orbital Command  
  27  2:56  SCV  
  28  2:59  Stimpack  
  28  3:02  Marine x2  
  28  3:05  Marine  
  30  3:08  SCV  
  32  3:15  Starport  
  32  3:20  Factory Reactor  
  32  3:23  Marine x2  
  34  3:29  SCV x2  
  34  3:31  Marine  
  36  3:41  Marine  
  36  3:43  SCV  
  36  3:44  Supply Depot, SCV, Marine  
  40  3:49  Marine  
  41  3:55  SCV  
  41  3:56  SCV  
  42  4:03  Marine x2  
  42  4:04  Medivac  
  42  4:06  Supply Depot, Marine  
  42  4:09  Medivac  
  49  4:15  SCV x2  
  51  4:23  Marine x2  
  53  4:24  Marine  
  53  4:29  Engineering Bay  
  53  4:30  Engineering Bay  
  55  4:31  SCV  
  55  4:32  SCV  
  55  4:36  Supply Depot  
  56  4:42  Supply Depot  
  56  4:43  Marine x2  
  56  4:44  Marine  
  60  4:45  SCV x2  
  61  5:01  Marine x3  
  64  5:16  SCV  
  64  5:17  SCV  
  68  5:21  Command Center  

Tags
 
Add a new tag
Caveats
  • Supply blocks, unpowered buildings, or Contaminate may cause inaccurate times.
  • Supply counts are checked every 10 seconds.